 Dungeon Crawl Stone Soup version 0.31-a0-496-g6f97920a28 (webtiles) character file.

Game seed: 9872265318544036197

14 AstroCodex24 the Trooper (level 2, -2/23 HPs)
             Began as a Vampire Fighter on Aug 8, 2023.
             Slain by a gnoll
             ... wielding a +0 halberd
              (8 damage)
             ... on level 3 of the Dungeon.
             The game lasted 00:02:07 (381 turns).

AstroCodex24 the Trooper (Vampire Fighter)           Turns: 381, Time: 00:02:08

Health: -2/23      AC: 11    Str: 15    XL:     2   Next: 31%
Magic:  11/11      EV:  3    Int: 10    God:
Gold:   52         SH:  4    Dex: 13    Spells: 1/1 levels left

rFire   . . .        a - +0 war axe
rCold   . . .        c - +0 buckler
rNeg    . . .        f - +0 plate armour
rPois   .            (no helmet)
rElec   .            (no cloak)
rCorr   .            (no gloves)
SInv    +            (no boots)
Will    .....        (no amulet) Stlth
                     g - ring of magical power
HPRegen 0.43/turn    b - ring of flight
MPRegen 0.12/turn

%: no passive effects
@: flying, healing quickly
A: alive, fangs 3, see invisible, vampiric 1
a: Exsanguinate


You were on level 3 of the Dungeon.
You visited 1 branch of the dungeon, and saw 3 of its levels.

You collected 52 gold pieces.

Inventory:

Hand Weapons
 a - a +0 war axe (weapon)
Armour
 c - a +0 buckler (worn)
 f - a +0 plate armour (worn)
Jewellery
 b - a ring of flight (right hand)
 g - a ring of magical power (left hand)
Scrolls
 e - a scroll of enchant weapon {unknown}
Potions
 d - 2 potions of might
 h - a potion of curing {unknown}
 i - a potion of ambrosia {unknown}


   Skills:
 + Level 2.9 Fighting
 + Level 1.9 Axes
 + Level 2.6 Armour
 + Level 2.9 Shields


You had one spell level left.
You didn't know any spells.
Your spell library was empty.

Dungeon Overview and Level Annotations

Branches:
Dungeon (3/15)

Altars:

Shops:
D:1 ?=:


Innate Abilities, Weirdness & Mutations

Your natural rate of healing is accelerated.
You have razor-sharp teeth.
You have supernaturally acute eyesight. (SInv)
You are afflicted with vampirism.


Message History

The gnoll shouts! x2; The hound barks!
You hear a shout! x2
Found a pair of gloves.
Found a stone staircase leading up.
There is a stone staircase leading up here.
You hit the hound but do no damage. You bite the hound.
The hound is moderately wounded.
The hound barely misses you. The hound bites you but does no damage.
You closely miss the hound.
The hound is moderately wounded.
The hound barely misses you. The hound bites you but does no damage.
You hit the hound.
The hound is heavily wounded.
The hound bites you.
A hobgoblin comes into view.
The hound bites you but does no damage.
A kobold comes into view. It is wielding a +0 dagger.
You barely miss the hound.
The hound is heavily wounded.
The hound bites you. The gnoll hits you but does no damage.
A gnoll comes into view. It is wielding a +0 halberd.
The hound barely misses you.
The gnoll shouts!
You hit the hound.
The hound is severely wounded.
You hear an angry hiss.
The hound bites you. You block the gnoll's attack.
You block the hound's attack.
You barely miss the hound.
The hound is severely wounded.
The hound bites you but does no damage. The hound bites you.
You barely miss the hound.
The hound is severely wounded.
You block the hound's attack. The hound bites you but does no damage.
The gnoll barely misses you. You block the hound's attack.
The gnoll hits you from afar with a +0 halberd.
You miss the hound.
The hound is severely wounded.
The hound bites you.
* * * LOW HITPOINT WARNING * * *
The gnoll hits you from afar with a +0 halberd!
You die...

.# .. #.# ..#
..## ... ##.#
#@.# ##h## #gg#
..[...KKg.#
g<...........
.#......###....
...#..... ...
.###...## ..
#... .


You could see a hound, 2 gnolls, a hobgoblin and 2 kobolds.

Vanquished Creatures
  An endoplasm (D:2)
  A giant cockroach (D:1)
  2 goblins (D:1)
  A hobgoblin (D:1)
  3 jackals (D:2)
  A ball python (D:1)
  A bat (D:1)
  2 frilled lizards (D:1)
  A rat (D:2)
13 creatures vanquished.

Notes
Turn   | Place    | Note
-------+----------+-------------------------------------------
     0 | D:1      | AstroCodex24 the Vampire Fighter began the quest for the
                  | Orb.
     0 | D:1      | Reached XP level 1. HP: 17/17 MP: 1/1
    37 | D:1      | Found Fimymnas's Magic Scroll Boutique.
    81 | D:1      | Found Beit's Jewellery Shop.
   183 | D:1      | Found Dogen's Book Emporium.
   201 | D:1      | Reached XP level 2. HP: 23/23 MP: 2/2
   381 | D:3      | Slain by a gnoll

Illustrated notes

Levels and vault maps discovered:
D:1:      minmay_arrival_cross, layout_loops_ring,
          hellmonk_ecumenical_altar_lost_god, serial_shops, shop,
          shop_fountains, shop, shop, shop
D:2:      layout_loops_corners
D:3:      layout_rooms, gammafunk_ghost_mausoleum

Action                     || total
---------------------------++-------
  Melee: War axe           ||    29
         Bite              ||     2
 Armour: Plate armour      ||    16
         Scale mail        ||     5
  Dodge: Dodged            ||     8
  Block: Buckler           ||     9

Table legend: (Time is in decaauts)
 A = Elapsed time spent in this place.
 B = Non-inter-level travel time spent in this place.
 C = Inter-level travel time spent in this place.
 D = Time resting spent in this place.
 E = Time spent auto-exploring this place.
 F = Levels seen in this place.
 G = Mean time per level.
                   A        B        C        D        E       F      G
               +--------+--------+--------+--------+--------+-----+--------+
         Total |    392 |    392 |      0 |      0 |      0 |   3 |  130.7 |
       Dungeon |    392 |    392 |      0 |      0 |      0 |   3 |  130.7 |
               +--------+--------+--------+--------+--------+-----+--------+

Top non-repeatable levels by time:
     D:1: 221 daAuts
     D:2: 157 daAuts
     D:3: 12 daAuts
